[Event "GrandPrix_29.05"]
[Site "Chess.com"]
[Date "2020.05.29"]
[Round "2"]
[White "DaVinci81"]
[Black "lelajavakhishvili"]
[Result "1-0"]
[WhiteElo "2366"]
[BlackElo "2268"]
[TimeControl "600+2"]
[EndTime "9:56:07 PDT"]
[Termination "DaVinci81 won by resignation"]

1. d4 Nf6 2. c4 e6 3. Nf3 b6 4. a3 Bb7 5. Nc3 d5 6. cxd5 Nxd5 7. e3 Be7 8. Bb5+ c6 9. Bd3 O-O 10.
Qc2 h6 11. e4 Nxc3 12. bxc3 c5 13. O-O Nd7 14. Rd1 Qc7 15. Qe2 Rfd8 16. a4 Rac8 17. Be3 Nf6 18. Nd2 cxd4 19. cxd4 Bb4 20. e5 Nd5 21.
Ne4 Nc3 22. Nxc3 Bxc3 23. Rac1 Qe7 24. Qg4 Kf8 25. Be4 Bb2 26. Rb1 Bc3 27. h4 Bd5 28. Bxd5 Rxd5 29. Rd3 Bb4 30. Qe4 Ke8 31. h5 a5 32.
Rdd1 Rc4 33. Rdc1 Qc7 34. Rxc4 Qxc4 35. Rc1 Qe2 36. Qh4 Be7 37. Qg3 Kf8 38. Qf4 Qxh5 39. Qe4 Kg8 40. Rc8+ Bd8 41. g4 Qh4 42. Kg2 Qe7 43.
Qc2 Qd7 44. Rb8 Qxa4 45. Qxa4 1-0

[Event "GrandPrix_29.05"]
[Site "Chess.com"]
[Date "2020.05.29"]
[Round "2"]
[White "lilleper1"]
[Black "IMTominho"]
[Result "1-0"]
[WhiteElo "2300"]
[BlackElo "1957"]
[TimeControl "600+2"]
[EndTime "9:56:08 PDT"]
[Termination "lilleper1 won by resignation"]

1. d4 d5 2. c4 c6 3. Nf3 Nf6 4. Nbd2 Bf5 5. Nh4 Be6 6. e3 g6 7. Be2 Bg7 8. b3 O-O 9. Bb2 Nbd7 10. O-O c5 11. Nhf3 dxc4 12. bxc4 cxd4 13. Nxd4 Nc5 14.
Ba3 Nfd7 15. N2b3 Rc8 16. Rb1 b6 17. Qc2 Qc7 18. Nxe6 fxe6 19. Nd4 Kh8 20. Bg4 Rf6 21. Bb2 e5 22. Nb5 Qb8 23. Rbd1 Rd8 24. Rd5 e6 25. Rd2 Rff8 26. Rfd1 Nf6 27. Bf3 e4 28. Bxf6 Rxd2 29.
Bxg7+ Kxg7 30. Qxd2 exf3 31. Qd6 Qb7 32. Nd4 fxg2 33. Nxe6+ Nxe6 34. Qxe6 Qf3 35. Rd7+ Kh6 36. Rd2 Rf6 37. Qd5 Qg4 38. Rd4 Qe2 39. Qxg2 Qe1+ 40.
Qf1 Qxf1+ 41. Kxf1 Rf5 42. Rd5 Rf7 43. Ke2 Kg7 44. f4 Kf6 45. Kd3 Ke6 46. h4 h5 47.
Kd4 Rc7 48. Re5+ Kf6 49. e4 Rd7+ 50. Rd5 Rc7 51. a4 1-0

[Event "GrandPrix_29.05"]
[Site "Chess.com"]
[Date "2020.05.29"]
[Round "2"]
[White "viktorko131"]
[Black "ulkaf961"]
[Result "1-0"]
[WhiteElo "2208"]
[BlackElo "1925"]
[TimeControl "600+2"]
[EndTime "9:56:14 PDT"]
[Termination "viktorko131 won by resignation"]

1. e4 e6 2. d4 d5 3. Nd2 a6 4.
Ngf3 Nf6 5. Bd3 c5 6. c3 Nc6 7. O-O Be7 8. e5 Nd7 9. Re1 Qb6 10. dxc5 Nxc5 11. Bc2 a5 12. Nb3 Nxb3 13. axb3 O-O 14. b4 f6 15. exf6 Bxf6 16. Qd3 g6 17. b5 Na7 18. Bh6 Rf7 19. Qxd5 Qxb5 20. Qd2 Nc6 21. Ng5 Bxg5 22. Bxg5 Bd7 23. Rad1 Re8 24. h4 Kg7 25. Bh6+ Kg8 26. Qe3 Qh5 27. Bg5 Ne7 28. Rxd7 Nf5 29. Qd2 Ref8 30. Rxf7 Rxf7 31. Rxe6 Nxh4 32. Re8+ Rf8 33.
Bb3+ 1-0

[Event "GrandPrix_29.05"]
[Site "Chess.com"]
[Date "2020.05.29"]
[Round "2"]
[White "Azatic"]
[Black "Denis0027"]
[Result "1-0"]
[WhiteElo "2425"]
[BlackElo "2213"]
[TimeControl "600+2"]
[EndTime "9:56:22 PDT"]
[Termination "Azatic won on time"]

1. e4 d6 2. d4 g6 3. Nc3 Bg7 4. f4 a6 5. Nf3 Nc6 6. d5 Na7 7.
Bc4 c5 8. dxc6 bxc6 9. O-O Qb6+ 10. Kh1 Nf6 11. e5 Ng4 12. Qe2 d5 13. Nxd5 cxd5 14.
Bxd5 Bb7 15. Bxf7+ Kxf7 16. Ng5+ Ke8 17. Qxg4 Bc8 18. Qf3 Qc6 19. Qb3 e6 20. Be3 h6 21.
Nf3 Nb5 22. Rad1 Kf7 23. a4 Nc7 24. Rd6 Qe8 25. Nd4 Bf8 26. f5 Bxd6 27. exd6 Kg7 28.
f6+ Kf7 29. dxc7 Qd7 30. Qb6 Qd5 31. Nc6 g5 32. Nd8+ Kg6 33. f7 Rf8 34. Bc5 Rxf7 35.
Nxf7 Bb7 36. Ne5+ Kh5 37. Nf3 g4 38. Ne1 a5 39. Be3 Ra6 40. Qb5 1-0

[Event "GrandPrix_29.05"]
[Site "Chess.com"]
[Date "2020.05.29"]
[Round "2"]
[White "GMStefanova"]
[Black "Vazgen352"]
[Result "0-1"]
[WhiteElo "2447"]
[BlackElo "2628"]
[TimeControl "600+2"]
[EndTime "9:56:26 PDT"]
[Termination "Vazgen352 won by checkmate"]

1. Nf3 Nf6 2. g3 g6 3. Bg2 Bg7 4. d4 c6 5. O-O O-O 6. Bf4 d6 7. Qc1 Re8 8. Rd1 Qb6 9. Na3 Bf5 10. Nc4 Qa6 11. b3 Nbd7 12. Bf1 Bg4 13. Bh6 Bh8 14. Ne3 Bh5 15. h3 Bxf3 16. exf3 Qa5 17. g4 c5 18.
d5 b5 19. a4 b4 20. Nc4 Qc7 21. a5 Ne5 22. Be2 Nxc4 23. Bxc4 Nd7 24. Ra2 Ne5 25. Be2 c4 26. f4 cxb3 27. cxb3 Qxc1 28. Rxc1 Nd7 29. Bb5 Red8 30. Re2 Nc5 31. Rxe7 Bf6 32. Re3 Bd4 33. Rf3 Bc3 34. Bc4 Re8 35. f5 Ne4 36.
fxg6 hxg6 37. h4 Nd2 38. Bxd2 Bxd2 39. Rd1 Bc3 40. h5 Re4 41. Rg3 Be5 42. Rg2 Rc8 43. f3 Bd4+ 44. Kf1 Rf4 45. Rd3 Kg7 46. Re2 Kf6 47.
hxg6 Kxg6 48. Kg2 Rh8 49. Re7 f5 50. gxf5+ Kf6 51. Re6+ Kxf5 52. Rxd6 Rfh4 53. Rxd4 Rxd4 54. Rd7 Rd2+ 55. Kg3 Rg8+ 56. Kh3 Rd1 57. Kh2 Kf4 58. Rf7+ Ke3 59. Rxa7 Kf2 60. Rh7 Rg2+ 61. Kh3 Rh1# 0-1

[Event "GrandPrix_29.05"]
[Site "Chess.com"]
[Date "2020.05.29"]
[Round "2"]
[White "DaggiGretarsson"]
[Black "Anton_Demchenko"]
[Result "0-1"]
[WhiteElo "2188"]
[BlackElo "2578"]
[TimeControl "600+2"]
[EndTime "9:56:27 PDT"]
[Termination "Anton_Demchenko won by resignation"]

1. d4 Nf6 2. c4 d6 3. Nc3 e5 4.
Nf3 Nc6 5. d5 Ne7 6. h3 Ng6 7.
e4 Be7 8. Be3 O-O 9. g3 c6 10. Bd3 Bd7 11. Kf1 cxd5 12. cxd5 b5 13. Kg2 b4 14. Nb1 Qb8 15. Nbd2 Bd8 16. Nc4 Bb5 17. Nfd2 Ne7 18. Qb3 a5 19. a3 Nd7 20.
axb4 a4 21. Qa2 Kh8 22. f3 f5 23. Bf2 Nf6 24. b3 fxe4 25. fxe4 Ng6 26. bxa4 Rxa4 27.
Qb3 Rxa1 28. Rxa1 Nh5 29. Be3 Bd7 30. Rf1 Nf6 31. Na5 Qc8 32. Rh1 Be7 33. Qc4 Qe8 34.
Nc6 Nh5 35. Rf1 Ngf4+ 36. gxf4 exf4 37. Bf2 f3+ 38. Kh2 Bg5 39. Nxf3 Rxf3 40. Bd4 Rxh3+ 41. Kg2 Nf4+ 42. Rxf4 Bxf4 43. e5 Qh5 44. e6 Qf3+ 0-1

[Event "GrandPrix_29.05"]
[Site "Chess.com"]
[Date "2020.05.29"]
[Round "2"]
[White "tacticthunder"]
[Black "metra93"]
[Result "0-1"]
[WhiteElo "2188"]
[BlackElo "2572"]
[TimeControl "600+2"]
[EndTime "9:56:28 PDT"]
[Termination "metra93 won on time"]

1. e4 e6 2. d4 d5 3. Nc3 Bb4 4. e5 c5 5. Bd2 Nc6 6. Nb5 Bxd2+ 7.
Qxd2 Nxd4 8. Nxd4 cxd4 9. Nf3 Ne7 10. Nxd4 O-O 11. c3 Bd7 12. Bd3 Nc6 13. Nf3 f6 14.
exf6 Rxf6 15. O-O-O Qa5 16. Kb1 b5 17. Rhe1 Raf8 18. Re2 Qb6 19. Ng5 g6 20. f4 b4 21.
c4 b3 22. cxd5 exd5 23. Bc4 Bf5+ 24. Bd3 Bg4 25. a3 Rxf4 26. Nf3 Bxf3 27. gxf3 Nd4 28. Re7 Qc5 29. Rd7 Rxf3 30. Rc1 Qb6 31. Qh6 R3f7 32.
Rxf7 Kxf7 0-1

[Event "GrandPrix_29.05"]
[Site "Chess.com"]
[Date "2020.05.29"]
[Round "2"]
[White "Arm-Akiba"]
[Black "VitaliyBernadskiy"]
[Result "1-0"]
[WhiteElo "2799"]
[BlackElo "2363"]
[TimeControl "600+2"]
[EndTime "9:56:33 PDT"]
[Termination "Arm-Akiba won on time"]

1. d4 Nf6 2. c4 g6 3. Nc3 Bg7 4. e4 O-O 5. Nf3 d6 6. Be2 e5 7. O-O Nc6 8. d5 Ne7 9. b4 a5 10. bxa5 c5 11. a4 Rxa5 12. Ra3 Nh5 13. Nb5 Ra6 14.
g3 Nf6 15. Qc2 Bg4 16. Nh4 Bxe2 17. Qxe2 Qd7 18. Bd2 Rfa8 19. Rfa1 Ne8 20. Kg2 f5 21. exf5 gxf5 22. Bg5 Ng6 23. R1a2 Nxh4+ 24. Bxh4 h6 25. h3 Nc7 26. a5 Qf7 27. Nxc7 Qxc7 28. Qb2 e4 29.
Bf6 Qf7 30. Bxg7 Qxg7 31. Qc1 Qg5 32. Qb1 Qg7 33. Rb3 R8a7 34. Rab2 Rxa5 35. Rxb7 Qc3 36.
Rb8+ Kg7 37. R2b7+ Kf6 38. Rb3 Qxc4 39. Qb2+ Qd4 40. Qc1 Kg6 41. Rg8+ Rg7 42. Rh8 Rh7 43.
Rxh7 Kxh7 44. Rb7+ Kg6 45. Qf4 Ra6 46. g4 Qe5 47. gxf5+ 1-0

[Event "GrandPrix_29.05"]
[Site "Chess.com"]
[Date "2020.05.29"]
[Round "2"]
[White "iceboy88"]
[Black "Malysch"]
[Result "1-0"]
[WhiteElo "2582"]
[BlackElo "2195"]
[TimeControl "600+2"]
[EndTime "9:56:33 PDT"]
[Termination "iceboy88 won on time"]

1. Nf3 d5 2. g3 c6 3. Bg2 Bg4 4. O-O Nd7 5. d3 Ngf6 6. h3 Bh5 7.
Qe1 e5 8. e4 Bd6 9. exd5 Nxd5 10.
c4 Nb4 11. Qc3 Bg6 12. Rd1 Qe7 13. a3 Nxd3 14. Bg5 f6 15. Be3 N3c5 16. Nh4 a5 17. b4 axb4 18. axb4 Rxa1 19. Qxa1 Na6 20. b5 cxb5 21.
cxb5 Nac5 22. Nxg6 hxg6 23. Qa8+ Bb8 24. Bxb7 O-O 25.
Bc6 Bd6 26. Qa2+ Kh7 27. Qd5 Bc7 28. Bxd7 Bb6 29. Bxc5 Bxc5 30. Qc6 Rd8 31. Rd5 Ba7 32. Nd2 Qb4 33. Qc4 Qa3 34. Nb3 Qb2 35. Rd2 1-0

[Event "GrandPrix_29.05"]
[Site "Chess.com"]
[Date "2020.05.29"]
[Round "2"]
[White "faraone99"]
[Black "moro182"]
[Result "0-1"]
[WhiteElo "2093"]
[BlackElo "2549"]
[TimeControl "600+2"]
[EndTime "9:56:37 PDT"]
[Termination "moro182 won by checkmate"]

1. e4 e5 2. Nf3 Nc6 3. Bb5 a6 4. Ba4 Nge7 5. c3 g6 6. O-O Bg7 7. d4 exd4 8. cxd4 O-O 9. Re1 d6 10.
h3 b5 11. Bb3 Bb7 12. Nc3 Na5 13. Bc2 Qd7 14. Bf4 Rad8 15. Rb1 h6 16. b3 c5 17. Qd2 g5 18. Be3 c4 19. Ne2 Qc7 20. b4 Nac6 21.
Ng3 Bc8 22. Nh5 Ng6 23. Nxg7 Kxg7 24. d5 Nce5 25. Nxe5 dxe5 26. Qc3 f6 27. a4 Bd7 28.
Ra1 Nf4 29. h4 Rf7 30. hxg5 hxg5 31. g3 Ng6 32. axb5 Bxb5 33. Kg2 Rh8 34. Rh1 Rff8 35. Rxh8 Rxh8 36. Rh1 Rxh1 37. Kxh1 Qd7 38. Kg2 Qg4 39. Bc5 Nf4+ 40. Kf1 Nd3 41. Be3 Qxe4 42. Ke2 Qxd5 43. Qa3 c3 44. Qxc3 Nf4+ 45. Ke1 Ng2# 0-1

[Event "GrandPrix_29.05"]
[Site "Chess.com"]
[Date "2020.05.29"]
[Round "2"]
[White "BashirliN"]
[Black "BMOchsner"]
[Result "0-1"]
[WhiteElo "2167"]
[BlackElo "2108"]
[TimeControl "600+2"]
[EndTime "9:56:42 PDT"]
[Termination "BMOchsner won by resignation"]

1. e4 c5 2. Nf3 d6 3. Nc3 Nf6 4. e5 dxe5 5. Nxe5 a6 6. a4 e6 7. g3 Qc7 8. Nc4 Bd7 9. d3 Bc6 10. Bf4 Qd8 11. Rg1 Be7 12. Bg2 Bxg2 13. Rxg2 O-O 14. Bxb8 Rxb8 15. a5 Nd5 16. Ne4 Nb4 17. Qe2 Nc6 18. c3 Qc7 19. g4 Rbd8 20. g5 Ne5 21.
Nxe5 Qxe5 22. Kf1 Kh8 23. Rg3 Qf5 24. Qf3 Rd5 25. Qxf5 exf5 26. Nd2 f4 27. Rg4 Bxg5 28.
Nf3 Bh6 29. d4 cxd4 30. Nxd4 g6 31. Ra4 Rfd8 32. Rb4 R8d7 33. Rc4 Kg7 34. b4 Bg5 35. Kg2 h5 36. Rxg5 Rxg5+ 37. Kf3 Rgd5 38. Kxf4 Re7 39. Rc8 Rdd7 40. h4 Rc7 41. Rxc7 Rxc7 42. Ne2 Rc4+ 43. Ke5 Rxh4 44. Kd6 Rh2 45. Kc7 Rxf2 46. Nd4 h4 47. b5 axb5 48. Kxb7 h3 49. a6 h2 50. a7 h1=Q+ 51. Nc6 Ra2 0-1

[Event "GrandPrix_29.05"]
[Site "Chess.com"]
[Date "2020.05.29"]
[Round "2"]
[White "hubertsmazak"]
[Black "GM_Levan_Pantsulaia"]
[Result "0-1"]
[WhiteElo "2244"]
[BlackElo "2708"]
[TimeControl "600+2"]
[EndTime "9:56:47 PDT"]
[Termination "GM_Levan_Pantsulaia won by resignation"]

1. d4 Nf6 2. c4 c5 3. d5 g6 4. Nc3 Bg7 5. e4 O-O 6. Bd3 e6 7.
Nge2 exd5 8. exd5 d6 9. h3 Nfd7 10. Bc2 Qh4 11. b3 b5 12. cxb5 a6 13. b6 Nxb6 14.
O-O Re8 15. Rb1 N8d7 16. Be3 Ne5 17. Ne4 Qe7 18. Bg5 f6 19. Bh4 g5 20. Bg3 f5 21.
Bxe5 Qxe5 22. N4c3 Qf6 23. Qd3 Ra7 24. f4 Rae7 25.
Rf3 gxf4 26. Nxf4 Qd4+ 27. Kh2 Re3 28. Qxd4 Bxd4 29. Nce2 Rxe2 30. Nxe2 Rxe2 31. Bxf5 Be5+ 32. Kg1 Bxf5 33. Rxf5 Nxd5 34. Rbf1 h6 35. Rf8+ Kg7 36. R1f7+ Kg6 37. Rd7 Nf6 38. Ra7 Rxa2 39. g4 Kg5 40. Raf7 Ne4 41. Rf3 Kh4 42. R8f5 Ng5 43. Rd3 Nxh3+ 44.
Kh1 Nf2+ 45. Rxf2 Rxf2 46. b4 cxb4 47. g5 hxg5 48. Rh3+ Kxh3 0-1

[Event "GrandPrix_29.05"]
[Site "Chess.com"]
[Date "2020.05.29"]
[Round "2"]
[White "Koalaskakistis"]
[Black "LiamVrolijk"]
[Result "1-0"]
[WhiteElo "2104"]
[BlackElo "2131"]
[TimeControl "600+2"]
[EndTime "9:56:47 PDT"]
[Termination "Koalaskakistis won by resignation"]

1. f4 d5 2. Nf3 g6 3. g3 c6 4. Bg2 Qb6 5. d3 Bg7 6. c3 Nd7 7. e4 dxe4 8. dxe4 Nc5 9. Qe2 Bg4 10. b4 Nd7 11. Be3 Qc7 12. O-O a5 13. e5 Nh6 14.
Nbd2 O-O 15. h3 Bxf3 16. Bxf3 f6 17. e6 Nb6 18. Nc4 Nxc4 19. Qxc4 Nf5 20. Bf2 Nd6 21.
Qc5 f5 22. a3 Nb5 23. Rac1 axb4 24. axb4 Rfd8 25. Rfd1 Rxd1+ 26. Rxd1 Rd8 27. c4 Rxd1+ 28. Bxd1 Nc3 29. Bf3 Bf6 30. b5 Ne4 31. Bxe4 fxe4 32. bxc6 Qxc6 33. Qxc6 bxc6 34. Bc5 h5 35. Kf2 g5 36. f5 Kf8 37. Ke3 Be5 38. g4 hxg4 39. hxg4 Bf6 40. Kxe4 Ke8 41. Bd4 1-0

[Event "GrandPrix_29.05"]
[Site "Chess.com"]
[Date "2020.05.29"]
[Round "2"]
[White "PavelShkapenko"]
[Black "SamadovRead"]
[Result "1/2-1/2"]
[WhiteElo "2122"]
[BlackElo "1953"]
[TimeControl "600+2"]
[EndTime "9:56:47 PDT"]
[Termination "Game drawn by repetition"]

1. e4 c5 2. c3 Nf6 3. e5 Nd5 4. d4 cxd4 5. cxd4 d6 6. Nf3 Nc6 7. Bc4 dxe5 8. Nxe5 e6 9. O-O Bd6 10. Nf3 O-O 11. Nc3 Nxc3 12. bxc3 Qc7 13. Bd3 Bf4 14. Qe2 Bxc1 15. Rfxc1 Rd8 16. Rab1 b6 17. Rb5 g6 18. Qe3 Kg7 19. Rg5 Bb7 20. h4 Ne7 21. h5 Nd5 22. h6+ Kg8 23. Qe1 Nf4 24. Be4 Bxe4 25.
Qxe4 Rac8 26. Ne5 Nd5 27. Rg3 Qe7 28. c4 Nf6 29. Qh4 Nd5 30. Qh5 Nf4 31. Qf3 Rxd4 32. Rg4 Qf6 33. Nc6 Ne2+ 34. Qxe2 Rxg4 35. Qxg4 Rxc6 36. Qe4 Rc8 37. Rd1 Qg5 38. Qb7 Rf8 39. Qxa7 Qxh6 40. Qxb6 Qh5 41. Rd8 Qe5 42. Rxf8+ Kxf8 43.
c5 Qe1+ 44. Kh2 Qxf2 45. Qd6+ Kg8 46. c6 Qh4+ 47. Kg1 Qe1+ 48. Kh2 Qh4+ 49. Kg1 Qe1+ 50. Kh2 Qh4+ 1/2-1/2

[Event "GrandPrix_29.05"]
[Site "Chess.com"]
[Date "2020.05.29"]
[Round "2"]
[White "Olghita64"]
[Black "switlave"]
[Result "0-1"]
[WhiteElo "2005"]
[BlackElo "1932"]
[TimeControl "600+2"]
[EndTime "9:56:48 PDT"]
[Termination "switlave won by resignation"]

1. Nf3 Nf6 2. c4 g6 3. Nc3 d5 4. cxd5 Nxd5 5. Qa4+ Nc6 6. Ne5 Nb4 7. Nxc6 Nxc6 8. g3 Bg7 9. Bg2 Bd7 10. d3 O-O 11.
Qh4 Nd4 12. O-O c6 13. e3 Nf5 14. Qa4 c5 15. Qb3 Rb8 16. a4 Be6 17. Bd5 Bxd5 18. Nxd5 e6 19. Nf4 Qd6 20. Rd1 Rfd8 21. Qc2 Rbc8 22. a5 e5 23. Ne2 e4 24. Ra3 b5 25. axb6 axb6 26. Rd2 exd3 27. Raxd3 Qe7 28. Nf4 h5 29. Nd5 Qb7 30. b3 b5 31. Qd1 Re8 32. Nf4 c4 33. Rd7 Qe4 34. bxc4 bxc4 35. R2d5 c3 36.
Qb3 Rb8 37. Rb5 Rxb5 38. Qxf7+ Kh8 39. Nxg6+ Kh7 40. Nf4 Rb6 41. f3 Qb1 42. Ne2 Rxe3 43. Qxh5+ Rh6 44. Qg5 Rxe2 45. Rxg7+ Nxg7 46. Qxh6+ Kg8 0-1

[Event "GrandPrix_29.05"]
[Site "Chess.com"]
[Date "2020.05.29"]
[Round "2"]
[White "dosto07"]
[Black "cantdefyme"]
[Result "0-1"]
[WhiteElo "1989"]
[BlackElo "2111"]
[TimeControl "600+2"]
[EndTime "9:56:52 PDT"]
[Termination "cantdefyme won by resignation"]

1. e4 c5 2. Nf3 d6 3. Bb5+ Nd7 4. O-O a6 5. Bxd7+ Bxd7 6. d4 cxd4 7. Qxd4 e5 8. Qd3 h6 9. Nc3 Nf6 10. Nd2 Rc8 11. a4 Qb6 12. Nc4 Qd4 13. Ne3 Be7 14.
Rd1 Qxd3 15. Rxd3 Rc6 16. Bd2 O-O 17. Be1 Rfc8 18. Kf1 b5 19. axb5 axb5 20. Ncd5 Nxd5 21. Nxd5 Bd8 22. Ra7 Be6 23. c3 f5 24. f3 fxe4 25. fxe4 Rc4 26. Rg3 g5 27. Re3 Bxd5 28. exd5 Bb6 29.
Bf2 Bxa7 30. Rf3 Bxf2 31. Kxf2 Rf8 32. Rxf8+ Kxf8 33. Ke2 Rc7 34. Kd3 Ke7 35. b3 Rc5 36. c4 bxc4+ 37. bxc4 Kf6 38. g4 Kg6 39. h3 h5 40. Kc3 hxg4 41. hxg4 Kf6 42. Kd3 e4+ 43. Kd4 Rc7 44. Kc3 Ke5 0-1

[Event "GrandPrix_29.05"]
[Site "Chess.com"]
[Date "2020.05.29"]
[Round "2"]
[White "Sunerorlater"]
[Black "BogdanDeac"]
[Result "1-0"]
[WhiteElo "2492"]
[BlackElo "2141"]
[TimeControl "600+2"]
[EndTime "9:56:53 PDT"]
[Termination "Sunerorlater won by resignation"]

1. e4 e5 2. Nf3 Nc6 3. Bc4 Nf6 4. d3 Bc5 5. O-O d6 6. c3 O-O 7. Bb3 a5 8. Bg5 h6 9. Bh4 g5 10. Bg3 Kg7 11. Nbd2 Nh7 12. Nc4 h5 13. h3 h4 14.
Bh2 g4 15. hxg4 Bxg4 16. Ne3 Bxe3 17. fxe3 f5 18. exf5 Rxf5 19. Be6 Rxf3 20. Bxg4 Rxf1+ 21. Qxf1 Qg5 22. Qe2 Rf8 23. Bh3 Ne7 24. Qg4 Nd5 25. Re1 Qxg4 26. Bxg4 Ng5 27. a3 b5 28. Bd7 Rb8 29. Kf2 c5 30. Ke2 Nf6 31. Bf5 b4 32. cxb4 axb4 33. a4 Ra8 34. b3 Nd5 35. d4 Rf8 36. Bd7 Nc3+ 37. Kd3 Rf2 38. dxe5 Rxg2 39. Bf4 Nf3 40. Rf1 Rd2+ 41. Kc4 dxe5 42. Rxf3 exf4 43. Bc6 Rd6 44. Kxc5 Rd3 45. Rxf4 Rxe3 46. Rxh4 Na2 47.
Bd5 Kf6 48. a5 1-0

[Event "GrandPrix_29.05"]
[Site "Chess.com"]
[Date "2020.05.29"]
[Round "2"]
[White "Rakhmanov_Aleksandr"]
[Black "rim1618"]
[Result "1-0"]
[WhiteElo "2284"]
[BlackElo "2185"]
[TimeControl "600+2"]
[EndTime "9:56:55 PDT"]
[Termination "Rakhmanov_Aleksandr won by resignation"]

1. c4 c5 2. Nc3 Nf6 3. Nf3 e6 4. g3 b6 5. Bg2 Bb7 6. O-O Be7 7. d4 cxd4 8. Qxd4 d6 9. Rd1 O-O 10. Bg5 Nc6 11. Qf4 Qb8 12. Bxf6 Bxf6 13. Rxd6 Bxc3 14. bxc3 Na5 15. Rad1 Qc7 16. Ne5 Bxg2 17. Rd7 Qc5 18. Kxg2 Nc6 19. Nxf7 Ne7 20. Rd8 Ng6 21. Qf3 Raxd8 22.
Rxd8 Qxc4 23. Ne5 Qc7 24. Rxf8+ Nxf8 25. Qf4 g6 26. h4 Kg7 27. Qd4 Kg8 28. Ng4 Qg7 29.
Ne5 Qb7+ 30. f3 Qd5 31. Qxd5 exd5 32. Nc6 Ne6 33. Nxa7 Nc5 34. Nb5 Kf7 35. Kf2 Ke6 36. Ke3 Ke5 37. Kd2 h5 38. Nd4 Nd7 39. Nc2 Nf6 40.
Ne1 Ne8 41. Nd3+ Ke6 42. Nf4+ 1-0

[Event "GrandPrix_29.05"]
[Site "Chess.com"]
[Date "2020.05.29"]
[Round "2"]
[White "SmirnovTimofey2000"]
[Black "Chessbuster123"]
[Result "1-0"]
[WhiteElo "2219"]
[BlackElo "1997"]
[TimeControl "600+2"]
[EndTime "9:56:56 PDT"]
[Termination "SmirnovTimofey2000 won on time"]

1. e4 c5 2. Nf3 d6 3. d4 cxd4 4. Nxd4 Nf6 5. Nc3 a6 6. Be2 e5 7. Nb3 Be7 8. Be3 O-O 9. O-O Nbd7 10. a4 b6 11. f4 Bb7 12. Bf3 Rc8 13. Qe2 Qc7 14. f5 Qc4 15. Qxc4 Rxc4 16. Nd2 Rc7 17. g4 h6 18. Kf2 Rfc8 19. h4 Nh7 20. Rh1 Rxc3 21.
bxc3 Rxc3 22. Ra2 Nc5 23. Bxc5 Rxc5 24. c4 Bd8 25. Kg3 Nf6 26. Re1 Bc7 27. Kf2 Bd8 28. Re3 Nd7 29. Kg3 Nb8 30. Be2 Rc8 31. Rd3 Bc7 32.
Rb2 Nc6 33. g5 Nd4 34. Bd1 Bc6 35. Kf2 hxg5 36. hxg5 Bd8 37. Rg3 Kf8 38. Rg4 b5 39. axb5 axb5 40. cxb5 Bxb5 41. Kg2 Rc3 42. Nf3 1-0

[Event "GrandPrix_29.05"]
[Site "Chess.com"]
[Date "2020.05.29"]
[Round "2"]
[White "Glek_Igor"]
[Black "dzhumagaliev"]
[Result "1-0"]
[WhiteElo "2503"]
[BlackElo "2077"]
[TimeControl "600+2"]
[EndTime "9:57:01 PDT"]
[Termination "Glek_Igor won by checkmate"]

1. e4 c5 2. Nf3 Nc6 3. Bb5 e6 4.
O-O Nge7 5. Re1 a6 6. Bxc6 bxc6 7. b3 Ng6 8. d4 cxd4 9. Qxd4 d6 10. c4 Be7 11. Bb2 Bf6 12. Qd2 Bxb2 13. Qxb2 O-O 14. Nc3 Qc7 15. Rad1 Bb7 16. c5 d5 17. e5 a5 18. Ne2 Qe7 19. Qc1 f5 20. Ned4 h6 21.
a3 Qd7 22. Qd2 Rfb8 23. Rb1 Bc8 24. b4 axb4 25. Rxb4 Rxb4 26. axb4 Ne7 27. h4 Qa7 28. Nb3 Rb8 29. Ra1 Qb7 30. Ra4 Qb5 31. Qa2 Qc4 32.
Ra7 Bb7 33. Nbd4 Qxb4 34. Nxe6 Kf7 35. Nfd4 Qe1+ 36. Kh2 Qxe5+ 37. f4 Qe1 38. g3 Qe3 39. Qb2 Ba6 40. Rxe7+ Kf6 41. Nb5+ Kxe7 42. Qxg7+ Kxe6 43. Nc7# 1-0

[Event "GrandPrix_29.05"]
[Site "Chess.com"]
[Date "2020.05.29"]
[Round "2"]
[White "KuzubovYuriy"]
[Black "Flawless_Fighter"]
[Result "1-0"]
[WhiteElo "2435"]
[BlackElo "2068"]
[TimeControl "600+2"]
[EndTime "9:57:02 PDT"]
[Termination "KuzubovYuriy won by resignation"]

1. d4 Nf6 2. c4 e6 3. Nf3 d5 4. g3 Bb4+ 5. Bd2 Be7 6. Bg2 O-O 7. O-O Nbd7 8. Qc2 c6 9. Rd1 b6 10. Bf4 Bb7 11. Ne5 h6 12. Nc3 Qc8 13. Rac1 Nxe5 14. dxe5 Nd7 15. cxd5 cxd5 16. Qb1 Bc6 17. b4 Qe8 18. e4 d4 19. Ne2 Rc8 20. Nxd4 Ba4 21.
Rxc8 Qxc8 22. Rc1 Qb7 23. b5 Bc5 24. Rc4 Bxd4 25. Rxd4 Nc5 26. Bf1 Qc7 27. Be3 a6 28.
bxa6 b5 29. Rd6 Ra8 30. Qc1 Nxa6 31. Rxa6 Qb7 32. Rxa8+ Qxa8 33. f3 Qd8 34. Qd2 Qc7 35. a3 h5 36. f4 Qc8 37. Kf2 Qc7 38. Be2 g6 39. Bd4 Qc6 40. Bf3 Qc4 41. Bc3 Qc7 42.
Bb4 Bb3 43. h3 Kg7 44. g4 hxg4 45. hxg4 Qb6+ 46. Kg2 Bc4 47. f5 exf5 48. exf5 gxf5 49. gxf5 Kh7 50. f6 Qb8 51. Be4+ 1-0

[Event "GrandPrix_29.05"]
[Site "Chess.com"]
[Date "2020.05.29"]
[Round "2"]
[White "Kopytkin"]
[Black "GM_LOADING"]
[Result "1-0"]
[WhiteElo "2193"]
[BlackElo "2349"]
[TimeControl "600+2"]
[EndTime "9:57:04 PDT"]
[Termination "Kopytkin won on time"]

1. e4 e5 2. Nf3 Nc6 3. Bc4 Nf6 4. d3 h6 5. Nc3 d6 6. h3 Na5 7. Be3 Nxc4 8. dxc4 b6 9. Qd3 Be7 10. Rd1 O-O 11. O-O Qe8 12. Nh2 Be6 13. f3 Nd7 14. Nd5 Bd8 15. g4 Rc8 16. b3 Bg5 17. Rf2 Qd8 18.
Nf1 g6 19. Rg2 Kh7 20. Qd2 Rg8 21. Ng3 Bh4 22. Kh2 c6 23. Nc3 Qf6 24. Rf1 Bg5 25. Rgf2 Nc5 26. Rd1 Rcd8 27. Qc1 Bf4 28. Bxf4 exf4 29.
Nge2 h5 30. Qxf4 Qe7 31. Kg2 Kg7 32. Qe3 hxg4 33. hxg4 Rh8 34. f4 Bxg4 35. Qg3 Bxe2 36. Rxe2 Rh5 37. Rh1 Rdh8 38. Rxh5 Rxh5 39. e5 1-0

[Event "GrandPrix_29.05"]
[Site "Chess.com"]
[Date "2020.05.29"]
[Round "2"]
[White "Eltaj_Safarli"]
[Black "francyIM"]
[Result "0-1"]
[WhiteElo "2421"]
[BlackElo "2514"]
[TimeControl "600+2"]
[EndTime "9:57:08 PDT"]
[Termination "francyIM won by resignation"]

1. e4 e5 2. Nf3 Nc6 3. Bb5 a6 4. Ba4 Nf6 5. Nc3 d6 6. Bxc6+ bxc6 7. d4 exd4 8. Qxd4 c5 9. Qd3 Bb7 10. Bf4 Nh5 11. Be3 Be7 12. O-O-O O-O 13. e5 Qc8 14. Nd5 Bxd5 15. Qxd5 c6 16. Qd3 d5 17. c4 Rd8 18. Rhe1 Qg4 19. Qf1 Nf4 20. Bxf4 Qxf4+ 21. Kc2 dxc4 22. Qe2 Rxd1 23. Rxd1 Rb8 24. Kc3 Bd8 25.
Kc2 Ba5 26. Rd6 Qf5+ 27. Kc1 Bc3 28. Qc2 Qf4+ 29. Kb1 Bxe5 30. Nxe5 Qxe5 31. Qd2 g6 32. f4 Rxb2+ 33. Qxb2 Qxd6 34. Qe5 Qxe5 35. fxe5 Kf8 36. Kc2 Ke7 37. Kc3 Ke6 38. Kxc4 Kxe5 39. Kxc5 f5 40. a4 f4 41. a5 g5 42. h3 h5 43. Kxc6 g4 44. hxg4 hxg4 45. Kb6 Kd6 46. Kxa6 Kc6 47. Ka7 f3 48. gxf3 gxf3 49. a6 f2 50. Kb8 f1=Q 51. Ka7 Kc7 0-1

[Event "GrandPrix_29.05"]
[Site "Chess.com"]
[Date "2020.05.29"]
[Round "2"]
[White "Mugzyyy"]
[Black "chansen64"]
[Result "1-0"]
[WhiteElo "2608"]
[BlackElo "2094"]
[TimeControl "600+2"]
[EndTime "9:57:13 PDT"]
[Termination "Mugzyyy won by resignation"]

1. d4 Nf6 2. c4 e6 3. Nc3 Bb4 4. Nf3 b6 5. Bg5 Bb7 6. e3 h6 7. Bh4 Bxc3+ 8. bxc3 d6 9. Bd3 Nbd7 10. O-O O-O 11.
Nd2 e5 12. e4 Qe8 13. Re1 c5 14. d5 Nh7 15. Nf1 g6 16. Ne3 Ndf6 17. Bc2 Bc8 18. f3 Bd7 19. Bf2 Nh5 20. g3 Ng5 21.
h4 Nh3+ 22. Kg2 Qe7 23. Ng4 Nxf2 24. Nxf2 Ng7 25. Ba4 f5 26. exf5 Bxa4 27. Qxa4 Rxf5 28. Ng4 Kh7 29. f4 h5 30. Nh2 Qf8 31. fxe5 dxe5 32. Qc2 Re8 33. Re3 Qd6 34. Nf3 Ref8 35. Rae1 Qf6 36. Ng5+ Kh8 37. Ne4 Qe7 38. a4 Ne8 39. a5 Nd6 40. Nxd6 Qxd6 41. axb6 axb6 42. R1e2 Qf6 43. Qd2 Qd6 44. Re4 Kg7 45. Qe3 Re8 46. Kh2 Re7 47. Kh3 Qd7 48. Kg2 Qd6 49. Kg1 Qf6 50. Re1 Kh7 51. Kg2 Kg7 52. Qd2 Qd6 53. Qb2 Ref7 54. R1e2 Qf6 55. Qd2 Qd6 56. Qe3 Re7 57. g4 hxg4 58. Rxg4 Ref7 59. Re4 Re7 60. Qg3 Qf6 61. Rd2 Qd6 62. Rf2 Rxf2+ 63. Kxf2 Rf7+ 64. Ke2 Rf5 65. Rg4 Qf6 66. Ke3 Kf7 67. Re4 Kg7 68. Qg4 Kh6 69. Kd3 Rf3+ 70. Kc2 Rf5 71. Kb3 Rf4 72. Qg5+ Qxg5 73. hxg5+ Kxg5 74. Rxe5+ Rf5 75. Re6 Rf6 76. Rxf6 Kxf6 77. Kc2 Ke5 78. Kd3 Kf5 79. Ke3 Ke5 80. Kf3 Kf5 81. Kg3 Kg5 82. Kh3 Kf5 83.
Kh4 Ke5 84. Kg5 b5 85. cxb5 Kxd5 86. c4+ 1-0